AoeStats
← dashuaibi

Nomad

507257216Analyzed
4v4 RM · 15d ago on Sep 17, 2026· 58m 32s· 8 players
Game mode
Random Map
Map size
231×231
Population
200
Speed
Normal
Resources
Standard
Victory
Conquest
Starting age
Dark Age
Ending age
Imperial Age
RankedLock teamsTeams togetherTeam positionsShared explorationLock speedFull tech treeHidden civsTurbo modeCheats
Victory
Defeat
🇩🇪 Persians · Germany
1383
+16
🇹🇼 Mongols · Taiwan
1368
+17
🇨🇳 Japanese · China
1366
+17
🇨🇳 Dravidians · China
1361
+17
🇨🇳 Bengalis · China
1455
-20
1420
-18
🇨🇳 Magyars · China
1378
-16
🇨🇳 Bohemians · China
1292
-13
dashuaibi
5:40 Loom
13:51 Feudal Age
18:07 Castle Age
16:24 Forging
15:39 Man-at-Arms
19:15 Fletching
22:43 Pikeman
34:55 Horse Collar
36:26 Wheelbarrow
36:40 Double-Bit Axe
38:33 Heavy Plow
42:24 Imperial Age
40:04 Gold Mining
41:55 Scale Mail Armor
42:30 Iron Casting
43:48 Chain Mail Armor
43:49 Elite Urumi Swordsman
45:04 Stone Mining
49:13 Bow Saw
51:22 Two-Man Saw
49:57 Elite Elephant Archer
52:03 Padded Archer Armor
53:00 Hand Cart
52:30 Town Watch
53:44 Thumb Ring
56:00 Bodkin Arrow
56:32 Leather Archer Armor
56:40 Scale Barding Armor
57:16 Bracer
58:17 Blast Furnace
58:17 Ballistics
大漁哥哥
7:24 Loom
13:25 Feudal Age
17:30 Castle Age
16:19 Fletching
17:58 Double-Bit Axe
19:08 Bodkin Arrow
23:25 Padded Archer Armor
24:11 Horse Collar
28:35 Leather Archer Armor
28:32 Bloodlines
29:31 Wheelbarrow
30:02 Bow Saw
31:40 Husbandry
34:31 Hand Cart
35:54 Gold Mining
40:53 Imperial Age
40:42 Heavy Plow
41:57 Conscription
41:40 Bracer
42:43 Chemistry
42:04 Ballistics
42:04 Elite Mangudai
43:51 Murder Holes
44:57 Gold Shaft Mining
45:58 Forging
45:53 Scale Barding Armor
45:20 Light Cavalry
46:23 Hussar
47:41 Iron Casting
48:31 Hoardings
48:52 Chain Barding Armor
51:29 Drill
52:27 Capped Ram
54:08 Parthian Tactics
56:04 Blast Furnace
56:14 Siege Ram
57:40 Thumb Ring
58:21 Arson
58:37 Squires
57:57 Pikeman
57:58 Man-at-Arms
Krabbel
4:58 Loom
17:16 Feudal Age
17:54 Double-Bit Axe
20:39 Castle Age
20:11 Fishing Lines
22:28 Bow Saw
22:28 Fletching
30:09 Imperial Age
28:56 Gold Mining
30:45 Bodkin Arrow
36:07 Scale Barding Armor
36:13 Forging
36:16 Medium Warships
41:15 Bloodlines
wuming
3:08 Loom
13:13 Feudal Age
17:45 Castle Age
16:59 Town Watch
17:02 Double-Bit Axe
30:52 Squires
31:18 Horse Collar
33:30 Scale Mail Armor
36:44 Pikeman
37:09 Arson
38:30 Wheelbarrow
44:12 Imperial Age
44:15 Forging
44:38 Fletching
44:17 Halberdier
45:21 Bow Saw
46:08 Conscription
47:56 Iron Casting
47:36 Chain Mail Armor
47:25 Gold Mining
47:26 Stone Mining
47:34 Elite Samurai
49:50 Blast Furnace
50:23 Kataparuto
51:15 Plate Mail Armor
52:13 Heavy Plow
53:15 Two-Man Saw
54:06 Hand Cart
54:29 Hoardings
56:44 Siege Engineers
57:40 Chemistry
57:00 Ballistics
56:22 Treadmill Crane
56:53 Masonry
57:37 Coinage
58:35 Bodkin Arrow
58:41 Padded Archer Armor
RocIsChina
9:07 Loom
14:02 Feudal Age
14:43 Fishing Lines
14:56 Double-Bit Axe
20:02 Castle Age
18:20 Fletching
22:14 Town Watch
24:45 Man-at-Arms
36:10 Bow Saw
38:58 Gillnets
45:02 Bodkin Arrow
48:23 Scale Barding Armor
52:38 Imperial Age
50:51 Wheelbarrow
54:52 Imperial Age
53:14 Ballistics
53:55 Chemistry
你可以打我队友吗
5:26 Loom
15:21 Feudal Age
15:55 Double-Bit Axe
19:01 Castle Age
19:40 Medium Warships
20:23 Bow Saw
21:32 Horse Collar
23:04 Heavy Plow
26:06 Fishing Lines
27:06 Wheelbarrow
29:32 Gillnets
33:57 Imperial Age
31:46 Husbandry
31:56 Bloodlines
32:02 Gold Mining
32:03 Stone Mining
33:21 Scale Barding Armor
33:27 Forging
34:33 Fletching
35:18 Chain Barding Armor
34:38 Cavalier
35:51 Ballistics
36:31 Chemistry
42:31 Hand Cart
44:58 Stone Shaft Mining
44:58 Gold Shaft Mining
45:30 Plate Barding Armor
46:54 Conscription
47:04 Bodkin Arrow
51:31 Clinker Construction
51:33 Careening
Kaiser Ze
13:29 Feudal Age
14:44 Double-Bit Axe
21:19 Castle Age
21:02 Gold Mining
21:37 Fishing Lines
29:21 Wheelbarrow
28:52 Horse Collar
34:55 Imperial Age
33:30 Stone Mining
34:22 Masonry
35:12 Hand Cart
35:15 Loom
37:11 Scale Barding Armor
37:16 Forging
37:40 Bloodlines
37:31 Husbandry
46:41 Iron Casting
49:16 Gillnets
50:00 Chain Barding Armor
50:15 Iron Casting
49:59 Elite Battle Elephant
52:29 Chemistry
52:01 Ballistics
51:34 Fletching
51:44 Padded Archer Armor
53:48 Blast Furnace
st9901544
14:06 Feudal Age
19:34 Bloodlines
19:53 Scale Barding Armor
20:37 Loom
22:56 Castle Age
21:56 Double-Bit Axe
23:19 Fletching
23:30 Padded Archer Armor
24:09 Gold Mining
27:07 Thumb Ring
29:15 Husbandry
31:41 Chain Barding Armor
33:50 Loom
41:01 Leather Archer Armor
44:16 Corvinian Army
44:14 Horse Collar
53:46 Imperial Age
53:36 Heavy Plow
58:06 Conscription
Connection lost

Rejoining the realm…

Still unreachable

The connection could not be restored.

Session expired

The server has moved on; the page needs a fresh start.